 Dungeon Crawl Stone Soup version 0.17-a0-1989-gfb2cd5c (webtiles) character file.

235 Morphine the Shooter (level 5, 0/33 HPs)
             Began as a High Elf Arcane Marksman on Oct 7, 2015.
             Slain by a worker ant (1 damage)
             ... on level 4 of the Dungeon.
             The game lasted 00:17:09 (2674 turns).

Morphine the Shooter (High Elf Arcane Marksman)     Turns: 2674, Time: 00:17:09

Health: 0/33       AC:  2    Str:  9 (10) XL:     5   Next: 76%
Magic:  12/12      EV: 19    Int: 16      God:
Gold:   247        SH:  0    Dex: 19 (21) Spells: 3 memorised, 4 levels left

rFire  . . .     SeeInvis .     a - +0 shortbow
rCold  . . .     Clarity  .     c - +0 robe
rNeg   . . .     SustAt   .     (no shield)
rPois  .         Gourm    .     (no helmet)
rElec  .         Spirit   .     (no cloak)
rCorr  .         Warding  .     (no gloves)
rMut   .         Stasis   .     (no boots)
MR     .....                    (no amulet)
Stlth  +++.......               (no ring)
                                i - ring of wizardry

@: agile, lethally poisoned (0 -> -5), not resistant to hostile enchantments,
fairly stealthy
A: deterioration 1, spit poison 1
a: Spit Poison


You were on level 4 of the Dungeon.
You were not hungry.

You visited 1 branch of the dungeon, and saw 5 of its levels.

You collected 247 gold pieces.

Inventory:

Hand Weapons
 a - a +0 shortbow (weapon)
 n - a +0 short sword
Missiles
 b - 17 arrows (quivered)
Armour
 c - a +0 robe (worn)
Jewellery
 i - a ring of wizardry (left hand)
Scrolls
 k - a scroll of immolation {unknown}
 l - a scroll of amnesia
 m - a scroll of recharging {unknown}
 o - 2 scrolls of remove curse
 p - 3 scrolls of identify
 r - a scroll of enchant armour {unknown}
Potions
 h - a potion of degeneration
 j - a potion of agility
Books
 d - a book of Debilitation

   Spells                             Type                      Level
   a - Corona                         Hexes                        1
   b - Slow                           Hexes                        2
   c - Gell's Gravitas                Hexes/Translocation          3
   d - Inner Flame                    Hexes/Fire                   3
   e - Cause Fear                     Hexes                        4
   f - Leda's Liquefaction            Hexes/Earth                  4
Comestibles
 e - 2 bread rations
 g - 3 meat rations
 q - a chunk of flesh
 t - a slice of pizza


   Skills:
 - Level 1.0 Fighting
 * Level 5.8 Bows
 - Level 3.0 Dodging
 + Level 4.1 Spellcasting
 - Level 3.0 Hexes


You had 4 spell levels left.
You knew the following spells:

 Your Spells              Type           Power        Failure   Level  Hunger
a - Corona                Hex            ##.....      2%          1    None
b - Gell's Gravitas       Hex/Tloc       #.........   12%         3    ###....
c - Cause Fear            Hex            ##........   22%         4    ####...


Dungeon Overview and Level Annotations

Branches:
Dungeon (5/15)
 Temple: D:4-7

Altars:
Gozag
Yredelemnul

Shops:
D:2 *


Innate Abilities, Weirdness & Mutations

Your body sometimes deteriorates upon taking damage.
You can spit weak poison.


Message History

The worker ant poisons you!
Drink which item? (? for menu, Esc to quit)
It was a potion of agility.
You feel agile all of a sudden.
* * * LOW HITPOINT WARNING * * *
You feel sick. The worker ant completely misses you.
Drink which item? (? for menu, Esc to quit)
It was a potion of degeneration.
There was something very wrong with that liquid.
You feel clumsy.
* * * LOW HITPOINT WARNING * * *
You feel sick. The worker ant misses you. The phantom hits you.
* * * LOW HITPOINT WARNING * * *
The worker ant misses you.
The phantom blinks!
Drink which item? (? for menu, Esc to quit)
It was a potion of magic.
Magic courses through your body.
* * * LOW HITPOINT WARNING * * *
You feel sick.
The phantom blinks!
The worker ant bites you.
You die...

.......# #
.......##.###.
..(...........
..............
.......#######
.......#
.......#
#############
######.#
#...a§.......
#.#
#..@#..#..#.
#.#
#............
.#
#...#.§#..#(.
#............
#.###########
#. ##


You could see a worker ant.

Vanquished Creatures
  A scorpion (D:4)
  A hound (D:4)
  A giant frog skeleton (D:4)
  6 adders
  An ooze (D:1)
  A worm (D:3)
  4 giant geckos
  An orc (D:3)
  A ball python (D:1)
  13 bats
  5 giant cockroaches
  5 goblins
  6 hobgoblins
  6 kobolds
  A quokka (D:3)
  4 giant newts
  A quokka skeleton (D:3)
  10 rats
68 creatures vanquished.

Notes
Turn   | Place    | Note
--------------------------------------------------------------
     0 | D:1      | Morphine the High Elf Arcane Marksman began the quest for the Orb.
     0 | D:1      | Reached XP level 1. HP: 13/13 MP: 3/3
    99 | D:1      | Reached XP level 2. HP: 18/18 MP: 5/5
   370 | D:1      | Reached XP level 3. HP: 23/23 MP: 7/7
   375 | D:1      | Learned a level 3 spell: Gell's Gravitas
  1072 | D:2      | Found a basalt altar of Yredelemnul.
  1101 | D:2      | Reached XP level 4. HP: 28/28 MP: 7/9
  1109 | D:2      | Learned a level 4 spell: Cause Fear
  1144 | D:2      | Found an opulent altar of Gozag.
  1154 | D:2      | Found Gozag's Platinum Reserve.
  1379 | D:2      | Reached skill level 4 in Bows
  1577 | D:3      | Found a faded altar to an unknown god.
  1917 | D:3      | Gained mutation: You can spit weak poison. [potion of mutation]
  1917 | D:3      | Gained mutation: Your body sometimes deteriorates upon taking damage. [potion of mutation]
  2005 | D:3      | Noticed a centaur
  2476 | D:4      | Reached XP level 5. HP: 24/33 MP: 1/11
  2600 | D:4      | Reached skill level 5 in Bows
  2661 | D:4      | You fall through a shaft!
  2661 | D:5      | Entered Level 5 of the Dungeon
  2668 | D:4      | Noticed a phantom
  2674 | D:4      | HP: 1/33 [poisoned by a worker ant]
  2674 | D:4      | Slain by a worker ant

Vault maps used:
D:1:      saegor_arrival_simple_a
D:2:      nicolae_overflow_crystal_walls, nicolae_gozag_zags_fifth_avenue,
          first_bread
D:3:      ecumenical_altar_2
D:4:      columned_hall_lemuel
D:5:      hangedman_abyss_or_decor_lesser_grid, grunt_decor_one_mirror

Action                   |  1- 3 |  4- 6 || total
-------------------------+-------+-------++-------
Melee: Short sword       |       |    66 ||    66
 Fire: Shortbow          |   103 |    64 ||   167
 Cast: Corona            |     3 |     8 ||    11
       Gell's Gravitas   |     1 |       ||     1
       Cause Fear        |       |     7 ||     7
  Use: Potion            |       |     8 ||     8
       Scroll            |       |     4 ||     4
 Stab: Sleeping          |       |     5 ||     5
  Eat: Chunk             |     1 |     6 ||     7
